 Dungeon Sprint DCSS version 0.26-a0-658-gbdda728c12 (webtiles) character file.

Game seed: 10440801241533402228

7619 mhtbhm the Unseen (level 11, -4/78 HPs)
             Began as a Kobold Berserker on Oct 5, 2020.
             Was a High Priest of Trog.
             Slain by Duvessa
             ... wielding a +0 great sword of freezing
              (15 damage)
             ... in the Dungeon (Sprint III: "The Ten Rune Challenge").
             The game lasted 00:05:37 (2061 turns).

mhtbhm the Unseen (Kobold Berserker)                Turns: 2061, Time: 00:05:38

Health: -4/78      AC:  4    Str: 20    XL:     11   Next: 40%
Magic:  11/11      EV: 22    Int:  8    God:    Trog [*****.]
Gold:   25         SH:  0    Dex: 15    Spells: 10/10 levels left

rFire    + . .     SeeInvis .   a - +3 rapier (flame)
rCold    . . .     Faith    .   (shield restricted)
rNeg     . . .     Spirit   .   b - +2 robe {rF+}
rPois    .         Reflect  .   (no helmet)
rElec    .         Harm     .   (no cloak)
rCorr    .         Rampage  .   (no gloves)
MR       .....     NoTele   +   (no boots)
Stlth    ++++......             (no amulet)
HPRegen  0.23/turn              (no ring)
MPRegen  0.12/turn              (no ring)

@: lethally poisoned (-4 -> -7), berserk cooldown, slowed, glowing, very slow
A: small, mutation resistance 2, nightstalker 3, strong 1
a: Berserk, Trog's Hand, Brothers in Arms, Renounce Religion


You were in the Dungeon.
You worshipped Trog.
Trog was extremely pleased with you.
You visited 1 branch You collected 25 gold pieces.

Inventory:

Hand Weapons
 a - a +3 rapier of flaming (weapon)
Armour
 b - a +2 robe of fire resistance (worn)
Wands
 c - a wand of iceblast (8)
 q - a wand of paralysis (7)
Scrolls
 h - a scroll of blinking
 i - 3 scrolls of remove curse {unknown}
 k - a scroll of immolation {unknown}
 l - a scroll of identify {unknown}
 o - a scroll of holy word {unknown}
 p - a scroll of enchant armour {unknown}
Potions
 e - 3 potions of haste
 f - 3 potions of magic
 g - a potion of berserk rage
 j - 2 potions of mutation
 m - a potion of might
 n - 3 potions of flight
Miscellaneous
 r - a phial of floods


   Skills:
 + Level 13.3 Fighting
 + Level 17.1 Short Blades
 + Level 6.1 Armour
 + Level 10.8 Dodging
 + Level 20.2 Stealth
 + Level 3.9 Evocations


You had 10 spell levels left.
You didn't know any spells.
Your spell library was empty.

Dungeon Overview and Level Annotations

Branches:
Dungeon (1/1)

Altars:
Cheibriados
Dithmenos
Elyvilon
Fedhas
Gozag
Hepliaklqana
Kikubaaqudgha
Makhleb
Nemelex Xobeh
Okawaru
Qazlal
Ru
Sif Muna
Trog
Uskayaw
Vehumet
Wu Jian
Xom
Yredelemnul
Zin
The Shining One
Beogh
Jiyva
Lugonu

Annotations:
D Duvessa


Innate Abilities, Weirdness & Mutations

You are small and have problems with some larger weapons.
You are completely attuned to the shadows.
You are somewhat resistant to both further mutation and mutation removal.
Your muscles are strong. (Str +2)


Message History

You feel sick. Duvessa misses you.
You puncture Duvessa! You burn Duvessa.
Duvessa is heavily wounded.
You puncture Duvessa! You burn Duvessa.
Duvessa is severely wounded.
You feel sick. Duvessa barely misses you.
You puncture Duvessa! You burn Duvessa.
Duvessa is severely wounded.
You impale Duvessa!! You burn Duvessa!
Duvessa is almost dead.
You are no longer berserk.
Trog's vigour flows through your veins.
You are exhausted.
You feel as though you will be slow longer.
Duvessa misses you.
Okay, then.
Your ogre goes berserk!
You feel sick. Duvessa closely misses you.
Duvessa hits you with a +0 great sword of freezing!
You die...

#.#.)#.##.###.#.^.^..#
##.#)#.##.#..##.^....#
...#..#..##..'.^..^..#
▓▓▓▓▓▓▓▓▓▓▓▓▓#.)..^.^#
.......≈≈≈...#.^.^...#
≈≈≈≈≈≈≈≈≈♣♣P.'.......#
♣♣♣♣♣♣♣♣♣♣♣PP#)((....#
♣♣♣##(###### ♣ #.e@+
## #...# .# #.O.# ##+
##### ..# .)# ###


You could see Duvessa (berserk) and a friendly ogre (summoned, berserk).

Vanquished Creatures
  Urug (D)
  A lindwurm (D)
  A deep elf mage (D)
  2 cane toads (D)
  A rime drake (D)
  A komodo dragon (D)
  2 tyrant leeches (D)
  3 wandering mushrooms (D)
  A shadow (D)
  5 redbacks (D)
  A spatial vortex (D)
  A swamp drake (D)
  A necrophage (D)
  5 two-headed ogres (D)
  A water elemental (D)
  A jelly (D)
  A wizard (D)
  Jessica (D)
  A necromancer (D)
  3 humans (D)
  A kobold demonologist (D)
  A wolf (D)
  An ooze (D)
  2 rats (D)
39 creatures vanquished.

Vanquished Creatures (collateral kills)
  Dowan (D)
  Erolcha (D)
2 creatures vanquished.

Vanquished Creatures (others)
  4 plants (D)
4 creatures vanquished.

Grand Total: 45 creatures vanquished

Notes
Turn   | Place    | Note
-------+----------+-------------------------------------------
     0 | D        | mhtbhm the Kobold Berserker began the quest for the Orb.
     0 | D        | Reached XP level 1. HP: 14/14 MP: 1/1
    13 | D        | Reached skill level 5 in Short Blades
    64 | D        | Noticed Jessica
    68 | D        | Killed Jessica
    68 | D        | Reached ** piety under Trog
    68 | D        | Reached skill level 5 in Fighting
    68 | D        | Reached skill level 1 in Stealth
    68 | D        | Reached XP level 2. HP: 21/21 MP: 2/2
    68 | D        | Reached XP level 3. HP: 26/26 MP: 3/3
   116 | D        | Reached *** piety under Trog
   116 | D        | Reached skill level 2 in Stealth
   116 | D        | Reached XP level 4. HP: 5/32 MP: 4/4
   301 | D        | Gained mutation: You are frail. (-10% HP) [potion of
                  | mutation]
   301 | D        | Gained mutation: You are surrounded by a mild repulsion
                  | field. (EV +2) [potion of mutation]
   303 | D        | Lost mutation: You are surrounded by a mild repulsion
                  | field. (EV +2) [potion of mutation]
   303 | D        | Lost mutation: You are frail. (-10% HP) [potion of
                  | mutation]
   303 | D        | Gained mutation: Your muscles are strong. (Str +2) [potion
                  | of mutation]
   303 | D        | Gained mutation: You are somewhat resistant to further
                  | mutation. [potion of mutation]
   303 | D        | Gained mutation: You are somewhat resistant to both further
                  | mutation and mutation removal. [potion of mutation]
   383 | D        | Noticed a water elemental
   397 | D        | Killed a water elemental
   397 | D        | Reached skill level 4 in Stealth
   397 | D        | Reached XP level 5. HP: 27/37 MP: 5/5
   543 | D        | Found a radiant altar of Vehumet.
   543 | D        | Found a shimmering blue altar of Sif Muna.
   543 | D        | Found an ancient bone altar of Kikubaaqudgha.
   547 | D        | Reached **** piety under Trog
   547 | D        | Reached skill level 5 in Stealth
   560 | D        | Found a glowing silver altar of Zin.
   560 | D        | Found a glowing golden altar of the Shining One.
   560 | D        | Found a white marble altar of Elyvilon.
   561 | D        | Noticed a deep elf mage
   569 | D        | Noticed a soul eater
   569 | D        | Killed a deep elf mage
   569 | D        | Reached skill level 9 in Stealth
   569 | D        | Reached XP level 6. HP: 47/47 MP: 6/6
   569 | D        | Reached XP level 7. HP: 51/51 MP: 7/7
   683 | D        | Found a hide-covered altar of Uskayaw.
   683 | D        | Found a roughly hewn altar of Beogh.
   683 | D        | Found an iron altar of Okawaru.
   683 | D        | Found a bloodstained altar of Trog.
   683 | D        | Found an ornate altar of the Wu Jian Council.
   683 | D        | Noticed a human
   684 | D        | Noticed a human
   697 | D        | Killed a human
   697 | D        | Reached skill level 10 in Stealth
   706 | D        | Killed a human
   706 | D        | Reached ***** piety under Trog
   706 | D        | Reached skill level 10 in Fighting
   706 | D        | Reached XP level 8. HP: 57/57 MP: 8/8
   775 | D        | Found a basalt altar of Yredelemnul.
   775 | D        | Found a shadowy altar of Dithmenos.
   775 | D        | Found a sacrificial altar of Ru.
   777 | D        | Reached skill level 11 in Stealth
   790 | D        | Noticed a shadow
   792 | D        | Killed a shadow
   799 | D        | Found a blossoming altar of Fedhas.
   799 | D        | Found a stormy altar of Qazlal.
   799 | D        | Found a snail-covered altar of Cheibriados.
   799 | D        | Found a burning altar of Makhleb.
   799 | D        | Found a shimmering altar of Xom.
   800 | D        | Found a hazy altar of Hepliaklqana.
   800 | D        | Found an opulent altar of Gozag.
   800 | D        | Found a sparkling altar of Nemelex Xobeh.
   800 | D        | Found a corrupted altar of Lugonu.
   800 | D        | Found a viscous altar of Jiyva.
   801 | D        | Received a gift from Trog
   801 | D        | Reached skill level 12 in Stealth
   996 | D        | Reached XP level 9. HP: 63/63 MP: 3/9
  1038 | D        | Noticed a two-headed ogre
  1041 | D        | Killed a two-headed ogre
  1041 | D        | Reached skill level 13 in Stealth
  1046 | D        | Noticed a two-headed ogre
  1046 | D        | Noticed Erolcha
  1077 | D        | HP: 3/96 [two-headed ogre/+0 giant spiked club (29)]
  1078 | D        | Killed a two-headed ogre
  1078 | D        | Reached skill level 15 in Short Blades
  1078 | D        | Reached skill level 14 in Stealth
  1088 | D        | Killed Erolcha
  1088 | D        | Reached skill level 15 in Stealth
  1088 | D        | Reached skill level 1 in Evocations
  1136 | D        | Received a gift from Trog
  1136 | D        | Reached skill level 16 in Stealth
  1136 | D        | Reached XP level 10. HP: 71/71 MP: 3/10
  1480 | D        | Noticed a cane toad
  1480 | D        | Noticed a komodo dragon
  1480 | D        | Noticed a cane toad
  1489 | D        | Killed a cane toad
  1498 | D        | Killed a komodo dragon
  1498 | D        | Reached skill level 17 in Stealth
  1508 | D        | Killed a cane toad
  1508 | D        | Reached skill level 5 in Armour
  1649 | D        | Reached ****** piety under Trog
  1649 | D        | Received a gift from Trog
  1675 | D        | Reached skill level 18 in Stealth
  1942 | D        | Noticed a lindwurm
  1945 | D        | Killed a lindwurm
  1945 | D        | Reached skill level 10 in Dodging
  1953 | D        | Noticed Urug
  1955 | D        | Killed Urug
  1955 | D        | Reached skill level 19 in Stealth
  1955 | D        | Reached XP level 11. HP: 77/77 MP: 11/11
  1988 | D        | Received a gift from Trog
  2026 | D        | Noticed Dowan
  2026 | D        | Noticed Duvessa
  2043 | D        | Killed Dowan
  2043 | D        | Reached skill level 20 in Stealth
  2061 | D        | Slain by Duvessa

Illustrated notes

Levels and vault maps discovered:
D:        dungeon_sprint_mu [sprint_mu_entry_cave, sprint_mu_temple_rooms,
          sprint_mu_d1_spiders, sprint_mu_d2_genie, sprint_mu_d3_branching,
          sprint_mu_orc_legion, sprint_mu_elf_gauntlet, sprint_mu_hive_nellie,
          sprint_mu_lair_fedhas, sprint_mu_vaults_butterflies,
          sprint_mu_slime_circle, sprint_mu_shoals_kraken,
          sprint_mu_snake_twists, sprint_mu_blade_basic, sprint_mu_crypt_lich,
          sprint_mu_tomb_spiral, sprint_mu_vestibule_basic,
          sprint_mu_gehenna_hellfire, sprint_mu_dis_giant,
          sprint_mu_tartarus_statrot, sprint_mu_cocytus_islands, sprint_mu_zot1]

Skill      XL: |  1  2  3  4  5  6  7  8  9 10 11 |
---------------+----------------------------------+-----
Fighting       | 5 6 9 10 11 12 13 | 13.3
Short Blades   | 6 7 8 12 13 14 15 16 17 | 17.1
Armour         | 2 3 4 5 6 |  6.1
Dodging        | 3 4 6 7 8 10 | 10.8
Stealth        | 1 2 4 9 10 12 16 19 20 | 20.2
Evocations     | 1 3 |  3.9

Action                   |  1- 3 |  4- 6 |  7- 9 | 10-12 || total
-------------------------+-------+-------+-------+-------++-------
Melee: Short sword       |    35 |    18 |    23 |       ||    76
       Dagger            |       |       |    42 |    69 ||   111
       Rapier            |       |       |       |    41 ||    41
Invok: Berserk           |       |     2 |     4 |     4 ||    10
       Brothers in Arms  |       |       |     1 |     2 ||     3
       Trog's Hand       |       |       |     1 |       ||     1
Evoke: Phial of floods   |       |       |     1 |     1 ||     2
  Use: Potion            |       |     2 |     1 |     1 ||     4
 Stab: Sleeping          |     5 |     2 |     8 |     8 ||    23
       Distracted        |       |     1 |       |       ||     1
Armor: Animal skin       |     1 |       |       |       ||     1
       Scale mail        |       |       |     1 |       ||     1
       Robe              |       |       |       |     3 ||     3
Dodge: Dodged            |    14 |     5 |    22 |    53 ||    94

Table legend: (Time is in decaauts)
 A = Elapsed time spent in this place.
 B = Non-inter-level travel time spent in this place.
 C = Inter-level travel time spent in this place.
 D = Time resting spent in this place.
 E = Time spent auto-exploring this place.
 F = Levels seen in this place.
 G = Mean time per level.
                   A        B        C        D        E       F      G
               +--------+--------+--------+--------+--------+-----+--------+
         Total |   2061 |   2061 |      0 |   1433 |     55 |   1 | 2061.0 |
       Dungeon |   2061 |   2061 |      0 |   1433 |     55 |   1 | 2061.0 |
               +--------+--------+--------+--------+--------+-----+--------+

Top non-repeatable levels by time:
       D: 2061 daAuts
